 Dungeon Crawl Stone Soup version 0.20.1-1-g8b1a95d (webtiles) character file.

41 jmlagarto the Skirmisher (level 3, -8/30 HPs)
             Began as a Barachi Fighter on Oct 6, 2017.
             Killed by divine providence
             ... invoked by an orc priest
              (13 damage)
             ... on level 3 of the Dungeon.
             The game lasted 00:01:23 (1174 turns).

jmlagarto the Skirmisher (Barachi Fighter)          Turns: 1174, Time: 00:01:23

Health: -8/30      AC:  7    Str: 18    XL:     3   Next: 52%
Magic:  3/3        EV:  7    Int:  8    God:
Gold:   112        SH:  9    Dex: 11    Spells: 2/2 levels left

rFire    . . .     SeeInvis .   a - +0 long sword
rCold    . . .     Gourm    .   c - +0 shield
rNeg     . . .     Faith    .   b - +0 scale mail
rPois    +         Spirit   .   (no helmet)
rElec    .         Reflect  .   (no cloak)
rCorr    .         Harm     .   (no gloves)
MR       .....                  (no boots)
Stlth    ..........             (no amulet)
Regen    0.1/turn               p - ring of poison resistance
MPRegen  0.1/turn               (no ring)

@: slow
A: +LOS, swims, slowness 1, strong legs 1
a: Hop


You were on level 3 of the Dungeon.
You were not hungry.

You visited 1 branch of the dungeon, and saw 3 of its levels.

You collected 112 gold pieces.

Inventory:

Hand Weapons
 a - a +0 long sword (weapon)
Armour
 b - a +0 scale mail (worn)
 c - a +0 shield (worn)
Jewellery
 p - a ring of poison resistance (left hand)
Scrolls
 e - 2 scrolls of enchant armour {unknown}
 k - 2 scrolls of teleportation {unknown}
Potions
 d - a potion of might
 g - a potion of invisibility {unknown}
 h - a potion of cancellation {unknown}
 i - a potion of curing {unknown}
 j - a potion of magic {unknown}
 l - a potion of heal wounds {unknown}
 m - a potion of brilliance {unknown}
 n - 2 potions of ambrosia {unknown}
 o - a potion of mutation {unknown}
Comestibles
 f - 3 bread rations
 q - a royal jelly


   Skills:
 + Level 4.2 Fighting
 + Level 2.9 Long Blades
 + Level 3.9 Armour
 + Level 3.9 Shields


You had 2 spell levels left.
You didn't know any spells.

Dungeon Overview and Level Annotations

Branches:
Dungeon (3/15)

Altars:
Sif Muna


Innate Abilities, Weirdness & Mutations

Shadows flee at your approach. (+LOS)
You can swim through water.
You cover ground slowly.
You can hop short distances.


Message History

You hit the kobold but do no damage. The kobold barely misses you.
A dart slug comes into view.
Your shield prevents you from hitting the orc.
The orc priest calls down the wrath of Beogh upon you.
Beogh smites you! The kobold hits you but does no damage.
You block the orc's attack.
The orc priest looks encouraged for a moment.
You block the kobold's attack.
You completely miss the orc priest. You block the orc priest's attack.
The orc priest hits you but does no damage.
The orc hits you but does no damage. The kobold hits you with a whip.
You are too injured to fight recklessly!
The orc hits you but does no damage. You block the orc priest's attack.
You see here a stone.
The orc priest mumbles some strange prayers to Beogh against you.
Beogh smites you!
* * * LOW HITPOINT WARNING * * *
The orc priest invokes the aid of Beogh against you.
Beogh smites you!
You die...

.w....
#....
#....
#...#
#..o#
#..o#
#..K#
######..o#
........@#
########.#
..# ..(#
...## ...#
.... #####


You could see 2 orc priests, a dart slug, an orc and a kobold.

Vanquished Creatures
  An adder (D:2)
  A worm (D:2)
  A dart slug (D:1)
  2 leopard geckos
  4 bats
  2 giant cockroaches (D:2)
  3 goblins
  3 hobgoblins
  A frilled lizard (D:1)
  3 kobolds (D:1)
  3 rats
24 creatures vanquished.

Notes
Turn   | Place    | Note
-------+----------+-------------------------------------------
     0 | D:1      | jmlagarto the Barachi Fighter began the quest for the Orb.
     0 | D:1      | Reached XP level 1. HP: 18/18 MP: 1/1
   117 | D:1      | Reached XP level 2. HP: 23/25 MP: 2/2
   305 | D:1      | Reached skill level 4 in Fighting
   575 | D:2      | Reached XP level 3. HP: 30/30 MP: 3/3
   705 | D:2      | Found a deep blue altar of Sif Muna.
  1174 | D:3      | Killed from afar by an orc priest

Skill      XL: |  1  2 |
---------------+-------+-----
Fighting       | 4 |  4.2
Long Blades    | |  2.9
Armour         | |  3.9
Shields        | |  3.9

Action                   || total
-------------------------++-------
Melee: Long sword        ||    68
  Eat: Royal jelly       ||     2
Armor: Scale mail        ||    26
Dodge: Dodged            ||    17
Block: Shield            ||    39
       Rpst.: Long sword ||     6
